 Dungeon Crawl Stone Soup version 0.26.0-16-gc1dbca0489 (webtiles) character file.

Game seed: 6048924924424167964

8001 zcampers the Fighter (level 11, -4/111 HPs)
             Began as a Minotaur Berserker on Jan 21, 2021.
             Was a High Priest of Trog.
             Killed from afar by an electric eel (8 damage)
             ... with a bolt of electricity
             ... on level 10 of the Dungeon on Jan 22, 2021.
             The game lasted 00:19:26 (7472 turns).

zcampers the Fighter (Minotaur Berserker)           Turns: 7472, Time: 00:19:26

Health: -4/111     AC: 12    Str: 21      XL:     11   Next: 4%
Magic:  10/10      EV: 15    Int:  8      God:    Trog [*****.]
Gold:   539        SH:  0    Dex: 11 (12) Spells: 10/10 levels left

rFire    . . .     SeeInvis +   h - +0 war axe
rCold    . . .     Faith    .   (no shield)
rNeg     . . .     Spirit   .   g - +0 ring mail {rPois}
rPois    +         Reflect  .   (helmet restricted)
rElec    .         Harm     .   z - +0 cloak
rCorr    .         Rampage  .   B - +2 pair of gloves
Will     .....                  (no boots)
Stlth    +.........             j - amulet of regeneration
HPRegen  0.68/turn              x - ring of see invisible
MPRegen  0.12/turn              (no ring)

@: no status effects
A: retaliatory headbutt, horns 2, blink, clever 1, robust 1
a: Blink, Renounce Religion, Berserk, Trog's Hand, Brothers in Arms


You were on level 10 of the Dungeon.
You worshipped Trog.
Trog was extremely pleased with you.
You visited 1 branch of the dungeon, and saw 10 of its levels.

You collected 599 gold pieces.
You spent 60 gold pieces at shops.

Inventory:

Hand Weapons
 h - a +0 war axe (weapon)
Missiles
 c - 33 poisoned darts (quivered)
Armour
 g - a +0 ring mail of poison resistance (worn)
 l - a +0 cloak
 z - a +0 cloak (worn)
 B - a +2 pair of gloves (worn)
Jewellery
 j - an amulet of regeneration (around neck)
 r - an uncursed ring of protection from fire
 x - a ring of see invisible (left hand)
Wands
 m - a wand of disintegration (8)
 q - a wand of digging (13)
 t - a wand of iceblast (9)
 y - a wand of enslavement (5)
 D - a wand of random effects (18)
Scrolls
 f - 12 scrolls of identify
 i - 2 scrolls of enchant weapon
 n - a scroll of amnesia
 o - a scroll of magic mapping
 p - a scroll of fog
 s - 7 scrolls of remove curse
 v - 5 scrolls of teleportation
 w - 2 scrolls of blinking
 C - a scroll of vulnerability {unknown}
Potions
 b - 3 potions of curing
 d - 2 potions of flight
 e - 2 potions of magic
 k - 3 potions of brilliance
 u - 2 potions of haste
 A - a potion of cancellation


   Skills:
 + Level 10.7 Fighting
 + Level 10.7(10.8) Axes
 - Level 2.0(7.1) Polearms
 + Level 10.4 Armour
 + Level 9.6 Dodging


You had 10 spell levels left.
You didn't know any spells.
Your spell library was empty.

Dungeon Overview and Level Annotations

Branches:
Dungeon (10/15)            Temple (0/1) D:6            Lair (0/6) D:8
    Orc: D:9-12

Altars:
Ashenzari
Cheibriados
Dithmenos
Nemelex Xobeh
Okawaru
Ru
Uskayaw
The Shining One

Shops:
D:4 ?


Innate Abilities, Weirdness & Mutations

You reflexively headbutt those who attack you in melee.
You have a pair of horns on your head.
You can translocate small distances at will.
Your mind is acute. (Int +2)
You are robust. (+10% HP)


Message History

* * * LOW HITPOINT WARNING * * *
The bolt of electricity hits you!
* * * LOW HITPOINT WARNING * * *
The electric eel shoots out a bolt of lightning at you!
The bolt of electricity hits the plant!
The plant begins to die.
The bolt of electricity hits you!
* * * LOW HITPOINT WARNING * * *
You feel much better.
The electric eel shoots out a bolt of lightning at you!
The bolt of electricity hits you!
* * * LOW HITPOINT WARNING * * *
The electric eel shoots out a bolt of lightning at you!
The bolt of electricity hits the electric eel.
The electric eel completely resists.
The bolt of electricity hits you but does no damage.
The electric eel shoots out a bolt of lightning at you!
The bolt of electricity hits the plant!
The bolt of electricity misses you.
The electric eel shoots out a bolt of lightning at you!
The bolt of electricity hits you!
You die...

##....####..........≈≈≈≈P≈
.....## #...........≈≈≈≈≈
....## ##...........≈;≈≈≈
...## ##...####....≈P≈P;≈
..## ##...#####...P≈≈≈≈≈≈
..## ##.............≈≈≈P≈≈
...###....######...;≈≈≈≈P≈
.....†...## #...;≈≈P≈≈≈
#.......## #@..######♣
##....(.# ##...# #......##
#..### ##......## #.##
#.......#####.#
##..........##.#
#............#.#
#............#.#
#..............#


You could see 3 electric eels.

Vanquished Creatures
  Harold (D:9)
  A troll (D:9)
  Sigmund (D:3)
  4 wyverns
  A basilisk (D:8)
  10 yaks
  A soldier ant (D:9)
  7 water moccasins
  3 orc warriors (D:7)
  5 black bears
  4 phantoms
  2 ice beasts
  2 sky beasts
  5 ogres
  A necrophage (D:7)
  A wolf (D:7)
  A big kobold (D:9)
  3 bullfrogs (D:6)
  4 scorpions
  4 wights (D:7)
  A howler monkey (D:4)
  An electric eel (D:10)
  A quasit (D:10)
  4 hounds
  An orc priest (D:6)
  Crazy Yiuf (D:3)
  3 bullfrog skeletons
  2 orc wizards (D:7)
  8 iguanas
  Ijyb (D:5)
  11 worker ants
  Natasha (twice) (D:3)
  Terence (D:3)
  A hound zombie (D:5)
  11 adders
  A shadow imp (D:5)
  2 white imps
  2 oozes
  2 adder zombies
  4 adder skeletons
  2 worms
  A dart slug (D:2)
  9 leopard geckos
  14 orcs
  3 ball pythons
  8 bats
  5 giant cockroaches
  8 goblins (D:2)
  4 hobgoblins
  14 jackals
  13 kobolds
  2 quokkas
  6 frilled lizards
  A leopard gecko zombie (D:7)
  A quokka zombie (D:7)
  6 rats
218 creatures vanquished.

Vanquished Creatures (others)
  A shadow imp (D:5)
  4 fungi
  34 plants
39 creatures vanquished.

Grand Total: 257 creatures vanquished

Notes
Turn   | Place    | Note
-------+----------+-------------------------------------------
     0 | D:1      | zcampers the Minotaur Berserker began the quest for the
                  | Orb.
     0 | D:1      | Reached XP level 1. HP: 19/19 MP: 0/0
   351 | D:1      | Reached XP level 2. HP: 25/27 MP: 1/1
   963 | D:2      | Reached XP level 3. HP: 32/33 MP: 2/2
  1076 | D:2      | Reached ** piety under Trog
  1219 | D:2      | Reached XP level 4. HP: 38/40 MP: 3/3
  1815 | D:3      | Noticed Terence
  1816 | D:3      | Found a faded altar of an unknown god.
  1823 | D:3      | Killed Terence
  1877 | D:3      | Noticed Sigmund
  1885 | D:3      | Killed Sigmund
  1886 | D:3      | Reached skill level 5 in Fighting
  1886 | D:3      | Reached skill level 5 in Axes
  1886 | D:3      | Reached XP level 5. HP: 48/48 MP: 4/4
  1886 | D:3      | Reached XP level 6. HP: 56/56 MP: 5/5
  1918 | D:3      | Found a runed translucent door.
  1919 | D:3      | Noticed Crazy Yiuf
  1929 | D:3      | Killed Crazy Yiuf
  2045 | D:3      | Noticed Natasha
  2053 | D:3      | Killed Natasha
  2323 | D:3      | Noticed Natasha
  2327 | D:3      | Killed Natasha
  2512 | D:4      | Reached skill level 5 in Armour
  2512 | D:4      | Reached XP level 7. HP: 12/62 MP: 6/6
  2902 | D:4      | Reached skill level 1 in Polearms
  2902 | D:4      | Reached skill level 5 in Dodging
  2997 | D:4      | Found Kapaqok's Magic Scroll Shoppe.
  3005 | D:4      | Bought a scroll of identify for 20 gold pieces
  3005 | D:4      | Bought a scroll of identify for 20 gold pieces
  3005 | D:4      | Bought a scroll of identify for 20 gold pieces
  3170 | D:5      | Entered Level 5 of the Dungeon
  3277 | D:5      | Reached XP level 8. HP: 71/71 MP: 7/7
  3283 | D:5      | Noticed Ijyb
  3293 | D:5      | Killed Ijyb
  3338 | D:5      | Reached *** piety under Trog
  3697 | D:6      | Gained mutation: You are partially covered in iridescent
                  | scales. (AC +2) [potion of mutation]
  3697 | D:6      | Gained mutation: You occasionally shout uncontrollably at
                  | your foes. [potion of mutation]
  3697 | D:6      | Gained mutation: You can translocate small distances at
                  | will. [potion of mutation]
  3702 | D:6      | Lost mutation: You occasionally shout uncontrollably at
                  | your foes. [potion of mutation]
  3702 | D:6      | Lost mutation: You are partially covered in iridescent
                  | scales. (AC +2) [potion of mutation]
  3702 | D:6      | Gained mutation: You are robust. (+10% HP) [potion of
                  | mutation]
  3702 | D:6      | Gained mutation: You are dopey. (Int -2) [potion of
                  | mutation]
  3702 | D:6      | Gained mutation: You are agile. (Dex +2) [potion of
                  | mutation]
  3703 | D:6      | Lost mutation: You are dopey. (Int -2) [potion of mutation]
  3703 | D:6      | Lost mutation: You are agile. (Dex +2) [potion of mutation]
  3703 | D:6      | Gained mutation: Your mind is acute. (Int +2) [potion of
                  | mutation]
  3783 | D:6      | Found a staircase to the Ecumenical Temple.
  4102 | D:6      | Found a shadowy altar of Dithmenos.
  4102 | D:6      | Found an iron altar of Okawaru.
  4103 | D:6      | Found a hide-covered altar of Uskayaw.
  4141 | D:6      | Found a sparkling altar of Nemelex Xobeh.
  4143 | D:6      | Found a broken altar of Ashenzari.
  4652 | D:7      | Reached XP level 9. HP: 85/89 MP: 8/8
  4910 | D:7      | Found a sacrificial altar of Ru.
  5430 | D:8      | Found a staircase to the Lair.
  5435 | D:8      | Reached **** piety under Trog
  5450 | D:8      | Reached XP level 10. HP: 85/100 MP: 9/9
  5893 | D:9      | Found a glowing golden altar of the Shining One.
  6486 | D:9      | Noticed Harold
  6500 | D:9      | Killed Harold
  6501 | D:9      | Reached skill level 10 in Fighting
  6501 | D:9      | Reached skill level 10 in Axes
  6703 | D:10     | Entered Level 10 of the Dungeon
  6731 | D:10     | Reached skill level 10 in Armour
  7122 | D:10     | Found a snail-covered altar of Cheibriados.
  7129 | D:10     | Got a brightly glowing ring mail
  7138 | D:10     | Identified the cursed +0 ring mail of the Bull {rN+ Int+7
                  | Dex+2} (You found it on level 10 of the Dungeon)
  7248 | D:10     | Reached ***** piety under Trog
  7281 | D:10     | Reached XP level 11. HP: 111/111 MP: 10/10
  7470 | D:10     | HP: 4/111 [electric eel/bolt of electricity (11)]
  7472 | D:10     | Killed from afar by an electric eel

Illustrated notes

Levels and vault maps discovered:
D:1:      minmay_arrival_five_plusses, layout_loops_ring
D:2:      minmay_razor_zed, layout_basic, serial_bayou_lagoon_a
D:3:      layout_loops_ring, chequers_ecumenical_altar_simple_redux,
          uniq_sigmund, uniq_terence, uniq_natasha, uniq_crazy_yiuf_cottage
D:4:      layout_rooms, serial_shops, shop_fountains
D:5:      layout_cave_pools, uniq_ijyb
D:6:      layout_loops_ring, nicolae_overflow_hidden_temple,
          minmay_temple_entry_proselytizer
D:7:      layout_basic, nicolae_ru_the_path_less_chosen
D:8:      layout_rooms, minmay_lair_entry_grove
D:9:      layout_basic, lemuel_coloured_pillars_altar, grunt_decor_mini_mirrors,
          uniq_harold
D:10:     layout_layer_cave, basic_altar, serial_bayou, serial_bayou_shore_a,
          serial_bayou_crossing, serial_bayou_pond_b, serial_bayou_pond_b,
          serial_bayou_shore_b

Skill      XL: |  1  2  3  4  5  6  7  8  9 10 |
---------------+-------------------------------+-----
Fighting       | 4 5 6 7 9 10 | 10.7
Axes           | 4 5 6 7 9 10 | 10.7
Armour         | 3 4 5 7 8 10 | 10.4
Dodging        | 3 4 5 6 8 9 |  9.6
Polearms       | 1 2 |  2.0

Action                   |  1- 3 |  4- 6 |  7- 9 | 10-12 || total
-------------------------+-------+-------+-------+-------++-------
Melee: Hand axe          |    59 |    87 |    36 |       ||   182
       Headbutt          |     6 |    10 |    56 |    30 ||   102
       Spear             |       |       |    65 |       ||    65
       War axe           |       |       |   170 |   216 ||   386
Throw: Dart              |       |     1 |     7 |       ||     8
Invok: Trog's Hand       |       |     3 |     3 |     2 ||     8
       Berserk           |       |     3 |     3 |     2 ||     8
  Use: Scroll            |     3 |       |     8 |     2 ||    13
       Potion            |     1 |       |     8 |     3 ||    12
Armor: Animal skin       |     8 |       |       |       ||     8
       Ring mail         |    19 |    47 |    91 |    54 ||   211
Dodge: Dodged            |    64 |    82 |   218 |   180 ||   544
